 Dungeon Crawl Stone Soup version 0.28.0-53-g5a82cb258f (webtiles) character file.

Game seed: 17069943276021831206

700 Peloso the Slasher (level 7, -3/61 HPs)
             Began as a Minotaur Fighter on May 29, 2022.
             Was an Initiate of Okawaru.
             Killed by divine providence
             ... invoked by an orc priest
              (14 damage)
             ... on level 6 of the Dungeon.
             The game lasted 00:09:07 (4846 turns).

Peloso the Slasher (Minotaur Fighter)               Turns: 4846, Time: 00:09:08

Health: -3/61      AC:  8    Str: 20    XL:     7   Next: 38%
Magic:  6/6        EV: 10    Int:  5    God:    Okawaru [......]
Gold:   220        SH:  5    Dex: 12    Spells: 6/6 levels left

rFire   . . .      SeeInvis .   a - +0 long sword
rCold   + . .      Faith    .   c - +0 buckler
rNeg    . . .      Spirit   .   b - +0 scale mail
rPois   .          Reflect  .   (helmet restricted)
rElec   .          Harm     .   e - +0 cloak
rCorr   .          Rampage  .   (no gloves)
Will    .....                   (no boots)
Stlth   ..........              (no amulet)
HPRegen 0.20/turn               r - ring of protection from cold
MPRegen 0.10/turn               t - ring of flight

@: flying
A: horns 2, retaliatory headbutt
a: Renounce Religion


You were on level 6 of the Dungeon.
You worshipped Okawaru.
Okawaru was noncommittal.
You visited 2 branches of the dungeon, and saw 7 of its levels.

You collected 260 gold pieces.
You spent 40 gold pieces at shops.

Inventory:

Hand Weapons
 a - a +0 long sword (weapon)
Armour
 b - a +0 scale mail (worn)
 c - a +0 buckler (worn)
 e - a +0 cloak (worn)
Jewellery
 r - a ring of protection from cold (left hand)
 t - a ring of flight (right hand)
 v - a ring of poison resistance
Scrolls
 f - a scroll of noise
 h - a scroll of blinking {unknown}
 n - a scroll of fog {unknown}
 o - a scroll of teleportation
 p - a scroll of identify {unknown}
 q - a scroll of torment {unknown}
Potions
 d - a potion of brilliance {unknown}
 g - a potion of resistance {unknown}
 i - 2 potions of haste {unknown}
 j - a potion of heal wounds {unknown}
 k - 3 potions of curing
 l - a potion of attraction {unknown}
 m - 2 potions of degeneration
 s - a potion of ambrosia {unknown}
 u - a potion of lignification {unknown}


   Skills:
 + Level 5.2 Fighting
 + Level 6.1 Long Blades
 + Level 6.0 Armour
 + Level 1.9 Dodging
 + Level 0.7 Stealth
 + Level 5.4 Shields


You had 6 spell levels left.
You didn't know any spells.
Your spell library contained the following spells:

 Spells                   Type           Power      Damage    Failure   Level
 Pain                     Necr           0%         1d4       88%         1
 Inner Flame              Hex/Fire       0%         N/A       99%         3
 Ozocubu's Armour         Ice            0%         N/A       99%         3
 Cause Fear               Hex            0%         N/A       100%        4
 Agony                    Necr           0%         N/A       100%        5
 Excruciating Wounds      Necr           0%         N/A       100%        5
 Metabolic Englaciation   Hex/Ice        0%         N/A       100%        5
 Discord                  Hex            0%         N/A       100%        8
 Simulacrum               Ice/Necr       Unusable   N/A       N/A         6

Dungeon Overview and Level Annotations

Branches:
Dungeon (6/15)             Temple (1/1) D:4

Altars:
Cheibriados
Dithmenos
Fedhas
Gozag
Hepliaklqana
Kikubaaqudgha
Okawaru
Ru
Sif Muna
Uskayaw
Vehumet
Wu Jian
The Shining One

Shops:
D:1 *?*!   D:3 !

Portals:
Ossuary: D:6

Annotations:
D:3 1 runed translucent door, Crazy Yiuf
D:5 Dowan, Duvessa


Innate Abilities, Weirdness & Mutations

You have a pair of horns on your head.
You reflexively headbutt those who attack you in melee.


Message History

You hear the slow hiss of an avalanche of sand.
You barely miss the orc. The orc closely misses you.
You slash the orc!
You kill the orc!
Okawaru accepts your kill.
You hit the orc but do no damage.
The orc hits you with a +2 vorpal flail!
You barely miss the orc. Your headbutt misses the orc.
The orc barely misses you.
You hit the orc but do no damage. Your headbutt misses the orc.
The orc misses you.
You hit the orc. You headbutt the orc.
You kill the orc!
Okawaru accepts your kill. The sky beast barely misses you.
You furiously retaliate!
You headbutt the sky beast. You slash the sky beast!
You headbutt the sky beast.
The sky beast is moderately wounded.
The sky beast flickers out of sight!
Deactivating autopickup; reactivate with Ctrl-A.
Something hits you but does no damage.
You hit something.
A sky beast appears from thin air!
Reactivating autopickup.
The sky beast hits you. The sky beast shocks you.
You slash the sky beast!
You headbutt the sky beast, but do no damage.
The sky beast is severely wounded.
The sky beast hits you but does no damage.
You hit the sky beast but do no damage.
The sky beast is severely wounded.
The orc priest mumbles some strange prayers to Beogh against you.
Beogh smites you!
* * * LOW HITPOINT WARNING * * *
The sky beast hits you.
* * * LOW HITPOINT WARNING * * *
The sky beast shocks you.
* * * LOW HITPOINT WARNING * * *
The orc priest invokes the aid of Beogh against you.
Beogh smites you!
You die...

#.. ...... ##...... ##..
.... ## ....... ##..#
.....#. ........ ##....
...... ..... ..##....#
###o... .... .... ...#
..#o#.## ...
.....##.###..#Y#o.# ..#
#...<#.ooY@.∩#o...# ..#
#...(..o###..#....## .##
#.......# ..#.....#
..#####......o######.##...#
....#......##....oY..#
#....
...........###......## ...#
#..........##...........
..#
##.........#...######....
.. ##....)[.....## #....


You could see a sky beast, 2 orc priests and an orc.

Vanquished Creatures
  2 black bears
  2 ogres (D:4)
  Blork the orc (D:6)
  A bullfrog zombie (D:6)
  A jelly (D:4)
  An orc priest (D:4)
  2 orc wizards (D:3)
  Robin (D:2)
  5 adders
  An ufetubus (D:6)
  4 dart slugs
  7 orcs
  9 ball pythons
  5 endoplasms
  A giant cockroach (D:1)
  10 hobgoblins
  6 kobolds
  A quokka (D:2)
  5 bats
  3 frilled lizards
  12 goblins
  2 rats
82 creatures vanquished.

Notes
Turn   | Place    | Note
-------+----------+-------------------------------------------
     0 | D:1      | Peloso the Minotaur Fighter began the quest for the Orb.
     0 | D:1      | Reached XP level 1. HP: 19/19 MP: 0/0
   112 | D:1      | Found Jassoesi's Magic Scroll Shoppe.
   117 | D:1      | Reached XP level 2. HP: 27/27 MP: 1/1
   293 | D:1      | Found Cogeas's Assorted Antiques.
   322 | D:1      | Found Sucydeav's General Store.
   554 | D:1      | Found Xaikumno's Distillery.
   827 | D:1      | Reached XP level 3. HP: 32/33 MP: 2/2
   966 | D:2      | Noticed Robin
   975 | D:2      | Killed Robin
  1165 | D:2      | Found a shimmering blue altar of Sif Muna.
  1739 | D:2      | Found a faded altar of an unknown god.
  1746 | D:2      | Reached XP level 4. HP: 35/41 MP: 3/3
  1938 | D:3      | Found Gaiduoram's Distillery.
  1941 | D:3      | Bought a potion of curing for 30 gold pieces
  1941 | D:3      | Bought a potion of degeneration for 10 gold pieces
  1994 | D:3      | Found a sacrificial altar of Ru.
  2365 | D:3      | Found a snail-covered altar of Cheibriados.
  2521 | D:3      | Reached XP level 5. HP: 38/47 MP: 4/4
  2617 | D:3      | Found a radiant altar of Vehumet.
  2671 | D:3      | Found a runed translucent door.
  2672 | D:3      | Noticed Crazy Yiuf
  3282 | D:4      | Reached skill level 1 in Dodging
  3538 | D:4      | Noticed an ogre
  3544 | D:4      | Killed an ogre
  3545 | D:4      | Reached skill level 5 in Armour
  3545 | D:4      | Reached skill level 5 in Shields
  3545 | D:4      | Reached XP level 6. HP: 32/53 MP: 5/5
  3862 | D:4      | Found an ornate altar of the Wu Jian Council.
  4044 | D:4      | Reached skill level 5 in Long Blades
  4094 | D:4      | Found a staircase to the Ecumenical Temple.
  4191 | Temple   | Entered the Ecumenical Temple
  4259 | Temple   | Became a worshipper of Warmaster Okawaru
  4289 | D:5      | Entered Level 5 of the Dungeon
  4547 | D:5      | Noticed Dowan
  4547 | D:5      | Noticed Duvessa
  4734 | D:6      | Reached skill level 5 in Fighting
  4734 | D:6      | Reached XP level 7. HP: 56/61 MP: 6/6
  4797 | D:6      | Noticed Blork the orc
  4803 | D:6      | Killed Blork the orc
  4832 | D:6      | Found a sand-covered staircase.
  4846 | D:6      | Killed from afar by an orc priest

Illustrated notes

Levels and vault maps discovered:
D:1:      lightli_arrival_quake, layout_loops_corners, serial_shops, shop,
          shop_scrolls, shop, nicolae_diamond_shop
D:2:      layout_basic, basic_altar, ebering_ecumenical_altar_webs,
          feat_on_display, uniq_robin
D:3:      layout_basic, mainiacjoe_overflow_surrounded_room, old_standard_altar,
          overflow_temple_1_default, serial_shops, nicolae_shop_behind_doors,
          chequers_serial_rivers_micro_d, serial_park_tiny_2,
          minmay_misc_feat_columns, st_stairs_9, due_unseen_surprise,
          uniq_crazy_yiuf_cottage
D:4:      layout_basic, nicolae_wu_jian_wuxing_cycle,
          minmay_temple_entry_statues_fountains, minmay_misc_feat_nine_boxes
D:5:      layout_basic, lemuel_round_altar, glass_columns_c, uniq_ijyb,
          uniq_duvessa
D:6:      layout_layer_cave, enter_ossuary_4, uniq_blork_the_orc
Temple:   dpeg_three_leaves_temple

Skill      XL: |  1  2  3  4  5  6  7 |
---------------+----------------------+-----
Fighting       | 4 5 |  5.2
Armour         | 4 5 6 |  6.0
Shields        | 4 5 |  5.4
Long Blades    | 3 4 5 6 |  6.1
Dodging        | 1 |  1.9
Stealth        | |  0.7

Action                   |  1- 3 |  4- 6 |  7- 9 || total
-------------------------+-------+-------+-------++-------
Melee: Long sword        |    69 |    99 |    16 ||   184
       Headbutt          |    11 |    21 |     5 ||    37
  Use: Scroll            |     2 |       |     2 ||     4
       Potion            |       |     1 |       ||     1
Armor: Scale mail        |    32 |    58 |     4 ||    94
Dodge: Dodged            |    48 |    43 |     6 ||    97
Block: Buckler           |    12 |    19 |       ||    31
